 Dungeon Crawl Stone Soup version 0.31.0-11-ge490571c62 (webtiles) character file.

Game seed: 16537498058509946404

178 qw the Shooter (level 5, -1/27 HPs)
             Began as a Spriggan Hunter on Feb 4, 2024.
             Incinerated by a bombardier beetle (4 damage)
             ... with a burning spray
             ... on level 3 of the Dungeon.
             The game lasted 00:00:38 (2061 turns).

qw the Shooter (Spriggan Hunter)                    Turns: 2061, Time: 00:00:39

Health: -1/27      AC:  2    Str:  7    XL:     5   Next: 32%
Magic:  6/6        EV: 20    Int: 10    God:
Gold:   184        SH:  0    Dex: 21    Spells: 4/4 levels left

rFire   . . .        a - +0 shortbow
rCold   . . .        (shield currently unavailable)
rNeg    . . .        c - +0 robe
rPois   .            (helmet restricted)
rElec   .            (no cloak)
rCorr   .            (gloves unavailable)
SInv    +            (boots unavailable)
Will    .....        (no amulet)
Stlth   +            (no ring)
HPRegen 0.24/turn    (no ring)
MPRegen 0.10/turn

%: no passive effects
@: on fire, glowing, very quick
A: very small, no large weapons, unfitting armour, see invisible, speed 3
a: no special abilities


You were on level 3 of the Dungeon.
You visited 1 branch of the dungeon, and saw 3 of its levels.

You collected 184 gold pieces.


Innate Abilities, Weirdness & Mutations

You are very small and have problems with some larger weapons.
You are too small for most types of armour.
You have supernaturally acute eyesight. (SInv)
You cover ground extremely quickly. (Speed+++)


   Skills:
 - Level 2.4 Fighting
 + Level 5.2 Ranged Weapons
 - Level 5.0 Dodging
 - Level 1.5 Stealth


You had 4 spell levels left.
You didn't know any spells.
Your spell library was empty.

Inventory:

Hand Weapons
 a - a +0 shortbow (weapon)
Armour
 c - a +0 robe (worn)
Scrolls
 b - a scroll of enchant weapon {unknown}
 d - a scroll of identify
 e - a scroll of enchant armour {unknown}
 g - a scroll of teleportation {unknown}
Potions
 f - a potion of resistance
 h - a potion of brilliance {unknown}

Dungeon Overview and Level Annotations

Branches:
Dungeon (3/15)

Altars:


Message History

You shoot an arrow.
The arrow barely misses the ball python.
The arrow hits the bombardier beetle!
The bombardier beetle is almost dead.
You shoot an arrow. The arrow hits the ball python!
You kill the ball python!
You shoot an arrow. The arrow closely misses the orc.
You shoot an arrow.
The arrow hits the orc but does no damage.
You shoot an arrow. The arrow closely misses the orc.
The orc closely misses you.
You shoot an arrow. The arrow barely misses the orc.
The orc misses you.
The bombardier beetle sprays incendiary fluid at you.
The burning spray hits you.
You are covered in liquid fire!
The orc completely misses you.
You shoot an arrow. The arrow hits the orc.
The orc is heavily wounded.
The liquid fire burns you! The orc misses you.
You shoot an arrow. The arrow hits the orc.
You kill the orc!
The liquid fire burns you!
You shoot an arrow.
The arrow barely misses the bombardier beetle.
The liquid fire burns you!
You shoot an arrow.
The arrow barely misses the bombardier beetle.
The liquid fire burns you!
The bombardier beetle completely misses you.
You shoot an arrow. The arrow hits the bombardier beetle!
You kill the bombardier beetle!
The liquid fire burns you!
Your Fighting skill increases to level 2!
You are on fire!
The liquid fire burns you!
You are on fire!
The liquid fire burns you!
You die...

##### # #### #...# .##
..... #.8.'##.. .....
#...#..##+###..[
###...#.#..#...#
#####.'.8.%###.#@).#
......#...#..##'...###..
#######...#...##......#
######.8.+#...#......#
##....#...###..'%.....#
......##### ###########
# #...###..# #
......#..# # ....).)..#
##


There were no monsters in sight!

Vanquished Creatures
  A bombardier beetle (D:3)
  An iguana (D:2)
  3 adders
  A shadow imp (D:3)
  A ribbon worm (D:2)
  2 dart slugs (D:1)
  An orc (D:3)
  11 ball pythons
  5 bats
  10 endoplasms
  A giant cockroach (D:3)
  4 goblins
  6 hobgoblins
  6 jackals
  5 kobolds
  3 quokkas
  4 frilled lizards
  2 rats (D:3)
67 creatures vanquished.

Notes
Turn   | Place    | Note
-------+----------+-------------------------------------------
     0 | D:1      | qw the Spriggan Hunter began the quest for the Orb.
     0 | D:1      | Reached XP level 1. HP: 10/10 MP: 2/2
     0 | D:1      | 0 ||| qw: Version: 0.3-a-160-g6735b56
     0 | D:1      | 0 ||| qw: Game counter: 5842
     0 | D:1      | 0 ||| qw: Melee chars always use a shield: true
     0 | D:1      | 0 ||| qw: God list: Okawaru
     0 | D:1      | 0 ||| qw: Allow faded altars: false
     0 | D:1      | 0 ||| qw: Do Orc after clearing Dungeon:15 true
     0 | D:1      | 0 ||| qw: Do second Lair branch before Depths: true
     0 | D:1      | 0 ||| qw: Lair rune preference: random
     0 | D:1      | 0 ||| qw: Goals: Normal
     0 | D:1      | 0 ||| PLANNING D:1-11
    74 | D:1      | Reached skill level 3 in Dodging
   123 | D:1      | Reached XP level 2. HP: 14/14 MP: 3/3
   481 | D:1      | Reached XP level 3. HP: 18/18 MP: 4/4
   673 | D:1      | 673 ||| READING scroll labelled TIRYSTRUARY.
   673 | D:1      | 673 ||| IDENTIFYING green potion
   674 | D:1      | 674 ||| READING scroll labelled RUPEDO ESCHE.
   775 | D:1      | 775 ||| READING scroll labelled XADAIW OXUIG.
   776 | D:1      | 776 ||| DRINKING 2 fuming emerald potions.
   777 | D:1      | 777 ||| DROPPING scroll of butterflies.
   778 | D:1      | 778 ||| DROPPING potion of invisibility.
  1008 | D:2      | 1008 ||| FLEEEEING.
  1009 | D:2      | 1009 ||| FLEEEEING.
  1010 | D:2      | 1010 ||| FLEEEEING.
  1011 | D:2      | 1011 ||| FLEEEEING.
  1016 | D:2      | 1016 ||| FLEEEEING.
  1017 | D:2      | 1017 ||| FLEEEEING.
  1018 | D:2      | 1018 ||| FLEEEEING.
  1019 | D:2      | 1019 ||| FLEEEEING.
  1020 | D:2      | 1020 ||| FLEEEEING.
  1021 | D:2      | 1021 ||| FLEEEEING.
  1022 | D:2      | 1022 ||| FLEEEEING.
  1023 | D:2      | 1023 ||| FLEEEEING.
  1024 | D:2      | 1024 ||| FLEEEEING.
  1028 | D:2      | 1028 ||| FLEEEEING.
  1029 | D:2      | 1029 ||| FLEEEEING.
  1030 | D:2      | 1030 ||| STAIRDANCE
  1209 | D:2      | Reached XP level 4. HP: 9/22 MP: 5/5
  2003 | D:3      | Reached XP level 5. HP: 18/26 MP: 6/6
  2060 | D:3      | HP: 3/27 [burnt (5)]
  2061 | D:3      | Incinerated by a bombardier beetle

Levels and vault maps discovered:
D:1:      mrwooster_arrival_statue_2, layout_loops_cross, chequers_avenue,
          minmay_small_reverse_x
D:2:      layout_loops_ring, minmay_misc_feat_iff
D:3:      minmay_chambers_of_threes, layout_loops_ring,
          overflow_temple_1_default, item_on_display_a

Skill      XL: |  1  2  3  4  5 |
---------------+----------------+-----
Dodging        | 3 4 5 |  5.0
Ranged Weapons | 5 |  5.2
Fighting       | 2 |  2.4
Stealth        | |  1.5

Action                     |  1- 3 |  4- 6 || total
---------------------------+-------+-------++-------
   Fire: Shortbow          |   112 |   104 ||   216
    Use: Scroll            |     3 |       ||     3
         Potion            |     1 |       ||     1
 Armour: Robe              |    21 |    12 ||    33
  Dodge: Dodged            |    48 |   110 ||   158

Table legend:
 A = Non-vault XP
 B = Vault XP
 C = Vault XP percentage of total XP
 D = Non-vault monster count
 E = Vault monster count
 F = Vault count percentage of total count
                 A         B        C        D         E       F
            +---------+---------+-------+---------+---------+-------
      Total |     153 |     102 |  40.0 |      51 |      16 |  23.9
            +---------+---------+-------+---------+---------+-------
        D:1 |      45 |       6 |  11.8 |      22 |       4 |  15.4
        D:2 |      82 |       0 |   0.0 |      18 |       0 |   0.0
        D:3 |      26 |      96 |  78.7 |      11 |      12 |  52.2
            +---------+---------+-------+---------+---------+-------
